 Dungeon Crawl Stone Soup version 0.17-a0-1945-gfe993df (webtiles) character file.

2031 dpvblackbelt the Basher (level 9, -3/80 HPs)
             Began as an Ogre Hunter on Sept 30, 2015.
             Was a Believer of Okawaru.
             Slain by a gnoll
             ... wielding a +0 spear
              (5 damage)
             ... on level 8 of the Dungeon.
             The game lasted 00:25:43 (8006 turns).

dpvblackbelt the Basher (Ogre Hunter)               Turns: 8006, Time: 00:25:43

Health: -3/80      AC:  4    Str: 29    XL:     9   Next: 23%
Magic:  9/9        EV: 10    Int: 10    God:    Okawaru [**....]
Gold:   484        SH:  0    Dex: 10    Spells: 1 memorised, 7 levels left

rFire  x . .     SeeInvis .     d - +5 long sword "Met Tor" {elec, +Rage rF- rN+}
rCold  . . .     Rnd*Rage +     x - +0 robe (curse)
rNeg   + . .     SustAt   .     (no shield)
rPois  .         Gourm    +     (helmet restricted)
rElec  .         Spirit   .     t - +0 cloak
rCorr  .         Warding  .     (gloves unavailable)
rMut   .         Stasis   .     (boots unavailable)
MR     .....                    a - amulet of the gourmand {Gourm, !d}
Stlth  ++........               (no ring)
                                I - ring of stealth {Stlth+}

@: mighty, not resistant to hostile enchantments, unstealthy
A: unfitting armour, berserk 1, screaming 1, strong 1, tough skin 1, wild magic
1
a: Heroism, Renounce Religion, Evoke Berserk Rage


You were on level 8 of the Dungeon.
You worshipped Okawaru.
Okawaru was pleased with you.
You were full.

You visited 2 branches of the dungeon, and saw 9 of its levels.
You also visited: Ossuary.

You collected 484 gold pieces.

Inventory:

Hand weapons
 d - the +5 long sword "Met Tor" (weapon) {elec, +Rage rF- rN+}
   (You found it on level 6 of the Dungeon)

   Occasionally, upon striking a foe, it will discharge some electrical energy
   and cause terrible harm.
   It makes you vulnerable to fire.
   It protects you from negative energy.
   It lets you go berserk.
 n - a +0 giant club
   (You took it off an ogre on level 5 of the Dungeon)
Missiles
 s - a throwing net {=f, !d}
 v - 8 curare-tipped needles
Armour
 t - a +0 cloak (worn)
   (You took it off Crazy Yiuf on level 3 of the Dungeon)
 x - a cursed +0 robe (worn)
   (You found it on level 4 of the Dungeon)
Magical staves
 G - an uncursed staff of death {rN+}
   (You found it on level 6 of the Dungeon)
Jewellery
 a - an amulet of the gourmand (around neck) {Gourm, !d}
   (You found it on level 3 of the Dungeon)
 I - a ring of stealth (left hand) {Stlth+}
   (You found it on level 6 of the Dungeon)
Magical devices
 D - a wand of polymorph (13)
   (You found it on level 6 of the Dungeon)
 L - a wand of paralysis (14)
   (You found it on level 7 of the Dungeon)
Scrolls
 b - a scroll of identify
 j - 2 scrolls of immolation {unknown}
 k - 3 scrolls of random uselessness {unknown}
 l - 4 scrolls of enchant weapon
 m - 4 scrolls of teleportation {unknown}
 o - a scroll of magic mapping {!r}
 q - 3 scrolls of fog {unknown}
 r - 4 scrolls of remove curse
 u - a scroll of noise {!r}
 y - a scroll of enchant armour
 A - 2 scrolls of recharging
 C - 2 scrolls of blinking {unknown}
 J - a scroll of amnesia
Potions
 g - 4 potions of curing
 h - 5 potions of degeneration {unknown}
 i - a potion of brilliance
Books
 H - a book of Beasts
   (You found it on level 6 of the Dungeon)
Comestibles
 e - 2 bread rations {@e1@e1}
 p - 6 meat rations {@e2@e2}
 z - 2 beef jerkies
 F - 2 slices of pizza
 K - a royal jelly


   Skills:
 - Level 2.8 Fighting
 + Level 14.5 Maces & Flails
 - Level 4.3 Throwing
 - Level 1.7 Dodging
 - Level 0.7 Stealth


You had 7 spell levels left.
You knew the following spells:

 Your Spells              Type           Power        Failure   Level  Hunger
B - Summon Butterflies    Summ           #.......     54%         1    ##.....


Dungeon Overview and Level Annotations

Branches:
Dungeon (8/15)             Temple (1/1) D:4
   Lair: D:8-11

Altars:
Ashenzari
Cheibriados
Dithmenos
Elyvilon
Fedhas
Gozag
Kikubaaqudgha
Makhleb
Nemelex Xobeh
Okawaru
Qazlal
Ru
Sif Muna
Trog
Vehumet
Xom
Yredelemnul
Zin
The Shining One

Annotations:
D:5 1 exclusion


Innate Abilities, Weirdness & Mutations

You are too large for most types of armour.
You have tough skin (AC +1).
You tend to lose your temper in combat.
You occasionally shout uncontrollably at your foes.
Your muscles are strong. (Str +2)
Your spells are a little harder to cast, but a little more powerful.


Message History

You feel extremely strange.
You feel weaker.
You feel resistant to hostile enchantments.
Drink which item? (? for menu, Esc to quit)
You don't have any such object.
Drink which item? (? for menu, Esc to quit)
You can't drink that!
Wield which item (- for none, * to show all)? (? for menu, Esc to quit)
Okay, then.
Drink which item? (? for menu, Esc to quit)
Really quaff
w - 2 potions of mutation {!q}?
You feel extremely strange.
Your vision blurs.
You feel less in control of your magic.
Drink which item? (? for menu, Esc to quit)
Really quaff
w - a potion of mutation {!q}?
You feel extremely strange.
You feel stronger.
Drink which item? (? for menu, Esc to quit)
It was a potion of might.
You feel very mighty all of a sudden.
Drink which item? (? for menu, Esc to quit)
It was a potion of cure mutation.
It has a very clean taste.
You feel robust.
Your vision sharpens.
You feel less resistant to hostile enchantments.
E - 3 tomahawks (gained 1)
A gnoll comes into view. It is wielding a spear.
A gnoll is nearby!
A gnoll is nearby!
Aim: a gnoll, wielding a spear (resting)
You throw a tomahawk. The tomahawk hits the gnoll!
A gnoll comes into view. It is wielding a spear.
There are monsters nearby!
Aim: a gnoll, wielding a spear (severely wounded)
You throw a tomahawk. The gnoll shouts!
The tomahawk hits the gnoll!
You kill the gnoll!
Okawaru accepts your kill.
The gnoll moves out of view.
No target in view!
No target in view!
The gnoll is too close now for your liking. 3 gnolls come into view.
Aim: a gnoll, wielding a spear You throw a tomahawk.
The gnoll shouts! x2
The tomahawk hits the gnoll.
There are monsters nearby!
Aim: a gnoll, wielding a spear (lightly wounded)
You throw a large rock {!d}.
The large rock {!d} barely misses the gnoll.
Aim: a gnoll, wielding a spear (lightly wounded)
You throw a large rock {!d}.
The large rock {!d} hits the gnoll but does no damage.
Aim: a gnoll, wielding a spear (lightly wounded)
You throw a large rock {!d}.
The large rock {!d} barely misses the gnoll.
You hear a bark!
There are monsters nearby!
There are monsters nearby!
The gnoll hits you with a spear!
You take 10 damage, and have 44/80 hp.
There are monsters nearby!
You are too injured to fight recklessly!
There are monsters nearby!
You are too injured to fight recklessly!
You are too injured to fight recklessly!
There are monsters nearby!
You are too injured to fight recklessly!
There are monsters nearby!
You are too injured to fight recklessly!
There are monsters nearby!
You are too injured to fight recklessly!
There are monsters nearby!
You slash the gnoll!
The gnoll hits you from afar with a spear.
The gnoll hits you with a spear.
The gnoll hits you from afar with a spear. x2
The gnoll hits you but does no damage.
You take 16 damage, and have 28/80 hp.
You barely miss the gnoll.
The gnoll hits you from afar with a spear.
The gnoll hits you with a spear!
* * * LOW HITPOINT WARNING * * *
The gnoll hits you from afar with a spear.
* * * LOW HITPOINT WARNING * * *
You take 13 damage, and have 15/80 hp.
You barely miss the gnoll.
The gnoll hits you from afar with a spear!
* * * LOW HITPOINT WARNING * * *
The gnoll completely misses you. The gnoll hits you with a spear.
* * * LOW HITPOINT WARNING * * *
You take 9 damage, and have 6/80 hp.
You slash the gnoll!
You kill the gnoll!
Okawaru accepts your kill.
The gnoll hits you from afar with a spear.
* * * LOW HITPOINT WARNING * * *
The gnoll hits you from afar with a spear.
You die...

.. ... .(..
######(... ####
#.......
#...##..gg. ###
#.....)# ...
#....@.##.(#
#.#####..(.....#
...#............
#.#.#.#......##
#.....####.###
##<##.# .#
#.##.# # #.##.#
..#...


You could see 2 gnolls.

Vanquished Creatures
  An orc warrior (D:6)
  Duvessa (D:7)
  2 sky beasts
  2 ice beasts
  An ogre (D:5)
  4 centaurs
  3 giant frogs (D:6)
  A water moccasin zombie (D:5)
  Dowan (D:7)
  A scorpion (D:7)
  2 giant frog zombies
  An orc priest (D:4)
  A centaur zombie (Ossuary)
  A human zombie (Ossuary)
  A hound (D:6)
  A centaur skeleton (D:6)
  Crazy Yiuf (D:3)
  2 orc wizards (D:6)
  3 worker ants
  An iguana (D:7)
  2 hound skeletons
  5 mummies (Ossuary)
  2 gnolls (D:8)
  8 adders
  An ooze (D:3)
  3 worms
  5 giant geckos
  17 orcs
  7 bats
  4 giant cockroaches
  9 hobgoblins
  8 jackals
  3 quokkas
  A ball python (D:1)
  7 giant newts
  A gnoll zombie (Ossuary)
  9 goblins
  A goblin zombie (Ossuary)
  A hobgoblin zombie (Ossuary)
  3 kobolds
  A kobold zombie (Ossuary)
  2 orc zombies (Ossuary)
  A quokka zombie (D:5)
  5 rats
137 creatures vanquished.

Notes
Turn   | Place    | Note
--------------------------------------------------------------
     0 | D:1      | dpvblackbelt the Ogre Hunter began the quest for the Orb.
     0 | D:1      | Reached XP level 1. HP: 22/22 MP: 1/1
    34 | D:1      | Reached skill level 1 in Maces & Flails
    43 | D:1      | Reached skill level 2 in Maces & Flails
    43 | D:1      | Reached XP level 2. HP: 29/29 MP: 2/2
   492 | D:2      | Reached skill level 3 in Maces & Flails
   562 | D:2      | Reached XP level 3. HP: 36/36 MP: 3/3
   698 | D:2      | Reached skill level 4 in Maces & Flails
  1237 | D:3      | Reached XP level 4. HP: 40/44 MP: 4/4
  1272 | D:3      | Reached skill level 5 in Maces & Flails
  1531 | D:3      | Noticed Crazy Yiuf
  1538 | D:3      | Killed Crazy Yiuf
  1538 | D:3      | Reached skill level 6 in Maces & Flails
  1538 | D:3      | Reached XP level 5. HP: 52/52 MP: 5/5
  2351 | D:4      | Found a sand-covered staircase.
  2356 | Ossuary  | Entered an ossuary
  2443 | Ossuary  | Reached skill level 7 in Maces & Flails
  2455 | Ossuary  | HP: 9/52 [mummy (19)]
  2693 | Ossuary  | Reached XP level 6. HP: 19/59 MP: 6/6
  3370 | D:4      | Found a staircase to the Ecumenical Temple.
  3379 | Temple   | Entered the Ecumenical Temple
  3430 | Temple   | Became a worshipper of Warmaster Okawaru
  3487 | D:4      | Reached skill level 8 in Maces & Flails
  3506 | D:4      | Upgraded the game from 0.17-a0-1942-g46ae386 to 0.17-a0-1945-gfe993df
  3574 | D:4      | HP: 14/59 [worker ant (8)]
  3579 | D:4      | HP: 11/59 [poisoned by a worker ant]
  3584 | D:4      | HP: 9/59 [poisoned by a worker ant]
  3589 | D:4      | HP: 8/59 [poisoned by a worker ant]
  3596 | D:4      | HP: 7/59 [poisoned by a worker ant]
  3604 | D:4      | HP: 6/59 [poisoned by a worker ant]
  3660 | D:4      | HP: 14/59 [jackal (1)]
  3666 | D:4      | HP: 9/59 [jackal (1)]
  3673 | D:4      | HP: 8/59 [jackal (2)]
  4618 | D:5      | Entered Level 5 of the Dungeon
  4638 | D:5      | Reached skill level 9 in Maces & Flails
  4638 | D:5      | Reached XP level 7. HP: 35/66 MP: 7/7
  4985 | D:5      | Found a shattered altar of Ashenzari.
  5150 | D:5      | Reached skill level 10 in Maces & Flails
  5269 | D:5      | Found a blossoming altar of Fedhas.
  5283 | D:5      | Noticed an oklob plant
  5517 | D:5      | Found an ancient bone altar of Kikubaaqudgha.
  5628 | D:6      | Acquired Okawaru's first power
  5628 | D:6      | Reached skill level 11 in Maces & Flails
  5628 | D:6      | Reached XP level 8. HP: 30/74 MP: 8/8
  6102 | D:6      | Reached skill level 12 in Maces & Flails
  6210 | D:6      | Learned a level 1 spell: Summon Butterflies
  6937 | D:6      | Got a smoking long sword
  6938 | D:6      | Identified the +5 long sword "Met Tor" {elec, +Rage rF- rN+} (You found it on level 6 of the Dungeon)
  7000 | D:7      | Noticed Duvessa
  7004 | D:7      | Noticed Dowan
  7005 | D:7      | Killed Duvessa
  7005 | D:7      | Reached skill level 13 in Maces & Flails
  7006 | D:7      | Killed Dowan
  7198 | D:7      | Reached XP level 9. HP: 78/80 MP: 9/9
  7294 | D:7      | Found a glowing silver altar of Zin.
  7531 | D:7      | Reached skill level 14 in Maces & Flails
  7533 | D:7      | HP: 18/80 [centaur (6)]
  7533 | D:7      | HP: 8/80 [centaur (10)]
  7981 | D:8      | Gained mutation: You occasionally shout uncontrollably at your foes. [mutagenic meat]
  7982 | D:8      | Gained mutation: You are frail (-10% HP). [mutagenic meat]
  7983 | D:8      | Gained mutation: You tend to lose your temper in combat. [mutagenic meat]
  7985 | D:8      | Gained mutation: Your muscles are strong. (Str +2) [mutagenic meat]
  7986 | D:8      | Lost mutation: Your muscles are strong. (Str +2) [potion of mutation]
  7986 | D:8      | Gained mutation: You are resistant to hostile enchantments. [potion of mutation]
  7987 | D:8      | Gained mutation: Scrolls take you a little longer to read. [potion of mutation]
  7987 | D:8      | Gained mutation: Your spells are a little harder to cast, but a little more powerful. [potion of mutation]
  7988 | D:8      | Gained mutation: Your muscles are strong. (Str +2) [potion of mutation]
  7990 | D:8      | Lost mutation: You are frail (-10% HP). [potion of cure mutation]
  7990 | D:8      | Lost mutation: Scrolls take you a little longer to read. [potion of cure mutation]
  7990 | D:8      | Lost mutation: You are resistant to hostile enchantments. [potion of cure mutation]
  8004 | D:8      | HP: 17/80 [gnoll/spear (10)]
  8005 | D:8      | HP: 8/80 [gnoll/spear (7)]
  8006 | D:8      | HP: 2/80 [gnoll/spear (4)]
  8006 | D:8      | Slain by a gnoll

Vault maps used:
D:1:      scummos_arrival_simple_fountains
D:2:      first_bread
D:3:      kennysheep_generic_room_16, uniq_crazy_yiuf_cottage
D:4:      temple_statues, enter_ossuary_5
D:5:      nicolae_overflow_hidden_temple, basic_altar, tgw_fedhas
D:6:      wad_river_or_something, minmay_holes
D:7:      basic_altar, uniq_duvessa
D:8:      nicolae_for_you_no_charge
Temple:   kilobyte_greek_temple_18
Ossuary:  ossuary_crypta

Action                   |  1- 3 |  4- 6 |  7- 9 || total
-------------------------+-------+-------+-------++-------
Melee: Whip              |    49 |    12 |       ||    61
       Mace              |       |    96 |    23 ||   119
       Giant club        |       |       |    33 ||    33
       Long sword        |       |       |    37 ||    37
Throw: Tomahawk          |    65 |    49 |    80 ||   194
       Large rock        |    12 |    67 |    26 ||   105
       Throwing net      |     2 |    16 |     2 ||    20
  Use: Potion            |       |     8 |     6 ||    14
       Scroll            |       |     4 |     5 ||     9
  Eat: Chunk             |       |     7 |    17 ||    24
       Bread ration      |       |     2 |       ||     2

Vault maps used:
D:1:      scummos_arrival_simple_fountains
D:2:      first_bread
D:3:      kennysheep_generic_room_16, uniq_crazy_yiuf_cottage
D:4:      temple_statues, enter_ossuary_5
D:5:      nicolae_overflow_hidden_temple, basic_altar, tgw_fedhas
D:6:      wad_river_or_something, minmay_holes
D:7:      basic_altar, uniq_duvessa
D:8:      nicolae_for_you_no_charge
Temple:   kilobyte_greek_temple_18
Ossuary:  ossuary_crypta

Table legend:
 A = Turns spent in this place as a percentage of turns spent in the entire game.
 B = Non-inter-level travel turns spent in this place as a percentage of non-inter-level travel turns spent in the entire game.
 C = Inter-level travel turns spent in this place as a percentage of turns spent in this place.
 D = Turns resting spent in this place as a percentage of non-inter-level travel turns spent in this place.
 E = Turns spent auto-exploring this place as a percentage of non-inter-level travel turns spent in this place.
 F = Non-inter-level travel turns spent in this place divided by the number of levels of this place that you've seen.
                   A       B       C       D       E      F
               +-------+-------+-------+-------+-------+----------------------
         Total | 100.0 | 100.0 |   0.5 |   2.8 |  11.7 | 186.1
       Dungeon |  84.3 |  84.3 |   0.6 |   1.8 |  12.7 | 196.0
        Temple |   1.4 |   1.4 |   3.7 |   0.0 |   7.7 |  26.0
       Ossuary |  14.3 |  14.3 |   0.0 |   9.0 |   6.4 | 267.0
               +-------+-------+-------+-------+-------+----------------------

Table legend:
 A = Kills in this place as a percentage of kills in entire the game.
 B = Kills by you in this place as a percentage of kills by you in the entire game.
 C = Kills by friends in this place as a percentage of kills by friends in the entire game.
 D = Other kills in this place as a percentage of other kills in the entire game.
 E = Experience gained in this place as a percentage of experience gained in the entire game.
 F = Experience gained in this place divided by the number of levels of this place that you have seen.
                   A       B       C       D       E      F
               +-------+-------+-------+-------+-------+----------------------
         Total | 100.0 | 100.0 |  -nan |  -nan | 100.0 | 290.2
       Dungeon |  90.5 |  90.5 |  -nan |  -nan |  93.5 | 339.0
       Ossuary |   9.5 |   9.5 |  -nan |  -nan |   6.5 | 190.0
               +-------+-------+-------+-------+-------+----------------------
